 Dungeon Crawl Stone Soup version 0.20.1-1-g8b1a95d (webtiles) character file.

25482 Knicklaso the Cruncher (level 13, 0/92 HPs)
             Began as a Halfling Hunter on July 16, 2017.
             Was an Elder of Ashenzari.
             Slain by a seven-headed hydra (10 damage)
             ... on level 5 of the Lair of Beasts.
             The game lasted 01:06:01 (12876 turns).

Knicklaso the Cruncher (Halfling Hunter)           Turns: 12876, Time: 01:06:02

Health: 0/92       AC: 14    Str: 17    XL:     13   Next: 50%
Magic:  17/17      EV: 21    Int:  9    God:    Ashenzari [****..]
Gold:   787        SH:  0    Dex: 19    Spells: 7/12 levels left

rFire    . . .     SeeInvis +   p - +6 quarterstaff (chaos) (curse)
rCold    . . .     Gourm    .   (shield currently unavailable)
rNeg     + . .     Faith    .   E - +3 ring mail
rPois    .         Spirit   .   (no helmet)
rElec    .         Reflect  .   q - +2 cloak (curse)
rCorr    .         Harm     .   t - +0 pair of gloves {Dex+3}
MR       +....     Clarity  +   (no boots)
Stlth    +.........             o - amulet of regeneration (curse)
Regen    0.7/turn               P - ring of protection from magic (curse)
MPRegen  0.2/turn               h - ring of positive energy

@: hasted, very quick
A: mutation resistance 1
a: Curse Item, Scrying, Renounce Religion


You were on level 5 of the Lair of Beasts.
You worshipped Ashenzari.
Ashenzari was greatly pleased with you.
You were hungry.

You visited 2 branches of the dungeon, and saw 14 of its levels.
You also visited: Sewer.

You collected 787 gold pieces.

Inventory:

Hand Weapons
 a - a +1 hunting sling
 b - a +0 short sword
 p - a cursed +6 quarterstaff of chaos (weapon)
Missiles
 d - 80 sling bullets (quivered)
Armour
 q - a cursed +2 cloak (worn)
 t - a +0 pair of gloves of dexterity (worn)
 E - a +3 ring mail (worn)
 M - a +2 leather armour of poison resistance
Magical Staves
 O - an uncursed staff of wizardry
Jewellery
 e - an uncursed ring of flight
 h - a ring of positive energy (right hand)
 o - a cursed amulet of regeneration (around neck)
 y - an uncursed ring of protection from magic
 L - an uncursed ring of magical power
 P - a cursed ring of protection from magic (left hand)
 R - an uncursed ring of wizardry
 U - an uncursed ring of protection from magic
Wands
 g - a wand of confusion (28/48)
 r - a wand of flame (21/48)
 A - a wand of acid (5/15)
 B - a wand of disintegration (5/24)
 K - a wand of disintegration (17/24)
Scrolls
 i - 3 scrolls of magic mapping
 k - a scroll of identify
 l - 5 scrolls of teleportation
 n - 3 scrolls of amnesia
 v - a scroll of fear
 w - a scroll of fog
 N - 2 scrolls of enchant armour
 S - a scroll of summoning
 T - a scroll of silence
 X - a scroll of torment
Potions
 j - 2 potions of lignification
 s - a potion of ambrosia
 u - a potion of berserk rage
 x - 2 potions of curing
 z - 2 potions of invisibility
 C - 4 potions of flight
 F - a potion of agility
Books
 m - a book of Ice

   Spells                             Type                      Level
   a - Ice Form                       Ice/Transmutation            4
   b - Metabolic Englaciation         Hexes/Ice                    5
   c - Ozocubu's Refrigeration        Ice                          6
   d - Bolt of Cold                   Conjuration/Ice              6
   e - Freezing Cloud                 Conjuration/Ice/Air          6
   f - Simulacrum                     Ice/Necromancy               6
 J - a book of Conjurations

   Spells                             Type                      Level
   a - Magic Dart                     Conjuration                  1
   b - Searing Ray                    Conjuration                  2
   c - Dazzling Spray                 Conjuration/Hexes            3
   d - Fulminant Prism                Conjuration/Hexes            4
   e - Force Lance                    Conjuration/Translocation    4
   f - Iskenderun's Mystic Blast      Conjuration                  4
 Q - a book of Summonings

   Spells                             Type                      Level
   a - Recall                         Summoning/Translocation      3
   b - Aura of Abjuration             Summoning                    5
   c - Summon Demon                   Summoning                    5
   d - Summon Forest                  Summoning/Translocation      5
   e - Summon Mana Viper              Hexes/Summoning              5
   f - Shadow Creatures               Summoning                    6
 W - a book of Frost

   Spells                             Type                      Level
   a - Freeze                         Ice                          1
   b - Throw Frost                    Conjuration/Ice              2
   c - Ozocubu's Armour               Charms/Ice                   3
   d - Throw Icicle                   Conjuration/Ice              4
   e - Summon Ice Beast               Ice/Summoning                4
 Y - a book of Geomancy

   Spells                             Type                      Level
   a - Sandblast                      Earth                        1
   b - Passwall                       Transmutation/Earth          2
   c - Stone Arrow                    Conjuration/Earth            3
   d - Petrify                        Transmutation/Earth          4
   e - Lee's Rapid Deconstruction     Earth                        5
Miscellaneous
 V - a sack of spiders
Comestibles
 f - 13 bread rations
 D - 5 fruits
 G - 5 meat rations
 I - 4 royal jellies


   Skills:
 + Level 10.0 Fighting
 - Level 10.4(14.7) Staves
 - Level 2.7 Slings
 + Level 8.7 Armour
 + Level 9.4 Dodging
 - Level 1.1 Stealth
 - Level 4.3(6.5) Hexes
 * Level 4.8(7.0) Ice Magic
 * Level 6.3(8.7) Evocations


You had 7 spell levels left.
You knew the following spells:

 Your Spells              Type           Power        Failure   Level  Hunger
a - Metabolic Englaciati  Hex/Ice        ##........   75%         5    ######.


Dungeon Overview and Level Annotations

Branches:
Dungeon (9/15)             Temple (0/1) D:5            Lair (5/6) D:8
 Shoals (0/4) Lair:2        Snake (0/4) Lair:3          Orc (0/2) D:9
  Slime: Lair:5-6

Altars:
Ashenzari
Ru


Innate Abilities, Weirdness & Mutations

You are small and have problems with some larger weapons.
You are somewhat resistant to further mutation.


Message History

The seven-headed hydra is moderately wounded.
The seven-headed hydra closely misses you.
The seven-headed hydra completely misses you. x2
The seven-headed hydra bites you!
* * * LOW HITPOINT WARNING * * *
The seven-headed hydra bites you.
* * * LOW HITPOINT WARNING * * *
The seven-headed hydra bites you.
* * * LOW HITPOINT WARNING * * *
The seven-headed hydra closely misses you.
You hit the seven-headed hydra.
The seven-headed hydra is poisoned.
The seven-headed hydra is moderately wounded.
You bludgeon the seven-headed hydra!!
The seven-headed hydra is severely wounded.
You hit the seven-headed hydra. You freeze the seven-headed hydra.
The seven-headed hydra is severely wounded.
The seven-headed hydra misses you.
The seven-headed hydra bites you but does no damage.
The seven-headed hydra misses you. The seven-headed hydra bites you!
You die...

...................... ,,
.................# ... , ,
, ,
.................#..{#** ,
,,,,
................##.#.## ,
...#....#.†..........P# ,,
...P...'..#..........#*
,,,, ,
........†#......#....#*,
,,, ,
<.{......†.....†##...# *,
, ,,,
...#.....##.....@D##..* ,
, , ,
...#....P##......#.P..#, ,
, ,
...P...Y.##.............,,
........Y............... ,
,, ,
........................ ,
,
...#.....PP...###.#..#..,
* .##♣......♣.#.# *###.#*#
* ## ♣≈....♣##### *## **
♣≈P≈≈P≈≈#


You could see a seven-headed hydra.

Vanquished Creatures
  A minotaur (Lair:5)
  5 hydras
  A two-headed ogre (D:9)
  2 death yaks (Lair:5)
  A fire crab (Lair:4)
  A necromancer (Lair:3)
  Joseph (D:9)
  4 elephants (Lair:4)
  5 spiny frogs
  A torpor snail (Lair:3)
  9 komodo dragons
  2 rime drakes
  A troll (D:7)
  2 polar bears
  3 hippogriffs
  Sigmund (D:4)
  3 wyverns
  A spriggan (D:7)
  22 yaks
  A golden eye (Lair:5)
  2 basilisks (D:8)
  A hungry ghost (D:9)
  The ghost of Cral the Shooter, an amateur BaHu of Hepliaklqana (D:4)
  11 porcupines
  4 water moccasins
  A swamp drake (D:8)
  3 sky beasts
  2 black bears
  Purgy (Sewer)
  3 ice beasts
  An orc warrior (D:7)
  6 ogres
  4 phantoms
  3 elephant zombies (Lair:3)
  4 wolves (Lair:5)
  6 centaurs
  A necrophage (D:4)
  4 crocodiles
  8 bullfrogs
  A wyvern skeleton (D:9)
  A scorpion (D:9)
  2 scorpions (shapeshifter)
  A troll zombie (D:9)
  6 electric eels (Lair:3)
  A howler monkey (D:8)
  4 crimson imps
  A jelly (D:7)
  4 hounds
  4 orc priests
  A bullfrog skeleton (D:4)
  Crazy Yiuf (D:2)
  3 orc wizards
  Terence (D:3)
  2 iguanas
  5 worker ants
  2 crocodile zombies (Lair:3)
  5 ogre zombies (D:9)
  2 hound skeletons
  A worker ant zombie (D:5)
  10 adders
  A gnoll (shapeshifter) (D:7)
  A river rat (D:4)
  A shadow imp (D:5)
  2 worms (D:3)
  5 dart slugs
  3 leopard geckos
  15 orcs
  13 giant cockroaches
  10 goblins
  8 hobgoblins
  10 jackals
  16 kobolds
  8 quokkas
  5 ball pythons
  A ball python skeleton (D:4)
  9 bats
  5 frilled lizards
  A goblin skeleton (D:9)
  4 goblin zombies (D:9)
  2 hobgoblin zombies (D:9)
  An orc skeleton (D:9)
  10 orc zombies (D:9)
  A quokka zombie (D:7)
  11 rats
334 creatures vanquished.

Vanquished Creatures (others)
  An orc wizard (D:6)
  2 fire vortices (Lair:5)
  5 fungi
  2 plants
10 creatures vanquished.

Grand Total: 344 creatures vanquished

Notes
Turn   | Place    | Note
-------+----------+-------------------------------------------
     0 | D:1      | Knicklaso the Halfling Hunter began the quest for the Orb.
     0 | D:1      | Reached XP level 1. HP: 14/14 MP: 1/1
   135 | D:1      | Reached XP level 2. HP: 19/19 MP: 2/2
   355 | D:1      | Reached XP level 3. HP: 16/24 MP: 3/3
   385 | D:1      | Found a shattered altar of Ashenzari.
   755 | D:1      | Became a worshipper of Ashenzari the Shackled
   951 | D:2      | Reached XP level 4. HP: 29/29 MP: 4/4
  1228 | D:2      | Found a runed door.
  1675 | D:2      | Noticed Crazy Yiuf
  1685 | D:2      | Killed Crazy Yiuf
  1685 | D:2      | Reached XP level 5. HP: 28/34 MP: 5/5
  1880 | D:3      | Noticed Terence
  1885 | D:3      | Killed Terence
  1885 | D:3      | Reached skill level 1 in Staves
  1957 | D:3      | Reached XP level 6. HP: 31/39 MP: 6/6
  2071 | D:3      | Noticed a sky beast
  2081 | D:3      | Killed a sky beast
  2480 | D:4      | Found a glowing drain.
  2500 | Sewer    | Entered a sewer
  2527 | Sewer    | Reached XP level 7. HP: 44/44 MP: 7/7
  2562 | Sewer    | Noticed Purgy
  2570 | Sewer    | Killed Purgy
  2667 | D:4      | Noticed Cral's ghost (amateur BaHu)
  2684 | D:4      | Killed Cral's ghost
  2744 | D:4      | Noticed Sigmund
  2768 | D:4      | Killed Sigmund
  2768 | D:4      | Reached skill level 5 in Staves
  2768 | D:4      | Reached XP level 8. HP: 24/49 MP: 8/8
  3052 | D:4      | Found a sacrificial altar of Ru.
  3194 | D:4      | Reached * piety under Ashenzari
  3634 | D:5      | Entered Level 5 of the Dungeon
  3787 | D:5      | Found a staircase to the Ecumenical Temple.
  3956 | D:5      | Reached XP level 9. HP: 54/54 MP: 9/9
  4115 | D:5      | Reached skill level 1 in Armour
  4922 | D:7      | Reached ** piety under Ashenzari
  5201 | D:7      | Noticed a troll
  5209 | D:7      | Killed a troll
  5209 | D:7      | Reached XP level 10. HP: 55/63 MP: 10/10
  5846 | D:8      | Reached skill level 5 in Dodging
  5916 | D:8      | Reached skill level 5 in Armour
  5977 | D:8      | Found a staircase to the Lair.
  5995 | D:8      | Noticed a komodo dragon
  6021 | D:8      | Killed a komodo dragon
  6021 | D:8      | Reached skill level 5 in Fighting
  6487 | D:9      | Found a staircase to the Orcish Mines.
  6517 | D:9      | Paralysed by fainting for 6 turns
  6525 | D:9      | Paralysed by fainting for 6 turns
  6828 | D:9      | Noticed Joseph
  6847 | D:9      | Killed Joseph
  6847 | D:9      | Reached XP level 11. HP: 56/72 MP: 11/11
  7142 | D:9      | Reached *** piety under Ashenzari
  7536 | D:9      | Noticed a two-headed ogre
  7541 | D:9      | Killed a two-headed ogre
  7541 | D:9      | Reached skill level 10 in Staves
  7720 | Lair:1   | Entered Level 1 of the Lair of Beasts
  8256 | Lair:1   | Noticed a four-headed hydra
  8263 | Lair:1   | Killed a four-headed hydra
  8263 | Lair:1   | Reached skill level 1 in Evocations
  8532 | Lair:2   | Found a staircase to the Shoals.
  8538 | Lair:2   | Noticed a six-headed hydra
  8549 | Lair:2   | Killed a six-headed hydra
  8752 | Lair:2   | Noticed a seven-headed hydra
  8760 | Lair:2   | Reached **** piety under Ashenzari
  8772 | Lair:2   | HP: 3/75 [seven-headed hydra (9)]
  8773 | Lair:2   | Killed a seven-headed hydra
  8773 | Lair:2   | Reached XP level 12. HP: 3/82 MP: 13/13
  9055 | Lair:2   | Learned a level 5 spell: Metabolic Englaciation
  9311 | Lair:2   | Reached skill level 1 in Ice Magic
  9457 | Lair:3   | Noticed an eight-headed hydra
  9475 | Lair:3   | Killed an eight-headed hydra
 10618 | Lair:3   | Found a staircase to the Snake Pit.
 11376 | Lair:4   | Noticed a fire crab
 11376 | Lair:4   | an elephant changed into a fire crab
 11390 | Lair:4   | Killed a fire crab
 11557 | Lair:4   | Reached ***** piety under Ashenzari
 11579 | Lair:4   | Reached skill level 1 in Conjurations
 11848 | Lair:4   | Reached skill level 5 in Evocations
 11856 | Lair:4   | Noticed a seven-headed hydra
 11872 | Lair:4   | Killed a seven-headed hydra
 11872 | Lair:4   | Reached XP level 13. HP: 90/90 MP: 16/16
 12455 | Lair:5   | Reached skill level 1 in Hexes
 12497 | Lair:5   | Reduced skill Conjurations to level 1
 12762 | Lair:5   | Noticed a minotaur
 12762 | Lair:5   | a death yak changed into a minotaur
 12803 | Lair:5   | Killed a minotaur
 12803 | Lair:5   | Reached skill level 10 in Fighting
 12843 | Lair:5   | Noticed a seven-headed hydra
 12876 | Lair:5   | Slain by a seven-headed hydra

Skill      XL: |  1  2  3  4  5  6  7  8  9 10 11 12 13 |
---------------+----------------------------------------+-----
Slings         | 6 7 8 9 4 2 |  2.7
Staves         | 2 3 5 7 8 9 10 | 10.4
Fighting       | 2 4 5 7 9 10 | 10.0
Armour         | 4 5 7 8 |  8.7
Dodging        | 4 5 7 8 9 |  9.4
Evocations     | 2 5 6 |  6.3
Ice Magic      | 3 4 |  4.8
Conjurations   | 3 0 |  0.0
Hexes          | 4 |  4.3
Stealth        | |  1.1

Action                   |  1- 3 |  4- 6 |  7- 9 | 10-12 | 13-15 || total
-------------------------+-------+-------+-------+-------+-------++-------
Melee: Quarterstaff      |       |    93 |   229 |   612 |   157 ||  1091
 Fire: Hunting sling     |    91 |    89 |       |       |       ||   180
Invok: Curse Item        |       |       |     2 |     1 |       ||     3
       Transfer Knowledg |       |       |       |     1 |     1 ||     2
Evoke: Wand              |       |       |       |    10 |     6 ||    16
       Sack of spiders   |       |       |       |       |     1 ||     1
  Use: Scroll            |       |       |    22 |    12 |     2 ||    36
       Potion            |       |       |       |     6 |     1 ||     7
 Stab: Sleeping          |       |       |     3 |     4 |       ||     7
       Petrified         |       |       |     6 |       |       ||     6
       Confused          |       |       |     2 |     4 |       ||     6
       Paralysed         |       |       |       |     8 |       ||     8
       Petrifying        |       |       |       |     1 |       ||     1
  Eat: Chunk             |       |     5 |     9 |    10 |     3 ||    27
       Bread ration      |       |       |       |     3 |       ||     3
Armor: Leather armour    |     2 |    10 |       |    45 |       ||    57
       Ring mail         |       |    22 |    72 |    86 |    23 ||   203
Dodge: Dodged            |    14 |    87 |   144 |   337 |   102 ||   684
